 Dungeon Crawl Stone Soup version 0.25-a0-316-gd28d56f9c5 (webtiles) character file.

Game seed: 3980688687673035822, levelgen mode: classic

85 Borgoz the Shield-Bearer (level 4, -6/28 HPs)
             Began as a Gargoyle Fighter on Dec 25, 2019.
             Mangled by a gnoll
             ... wielding a cursed +0 halberd
              (9 damage)
             ... on level 2 of the Dungeon.
             The game lasted 00:01:04 (510 turns).

Borgoz the Shield-Bearer (Gargoyle Fighter)          Turns: 510, Time: 00:01:04

Health: -6/28      AC: 11    Str: 25    XL:     4   Next: 48%
Magic:  4/4        EV:  8    Int:  8    God:
Gold:   56         SH:  9    Dex: 10    Spells: 3/3 levels left

rFire    . . .     SeeInvis .   a - +0 war axe
rCold    . . .     Gourm    .   c - +0 shield
rNeg     + . .     Faith    .   b - +0 scale mail
rPois    ∞         Spirit   .   (no helmet)
rElec    +         Reflect  .   e - +0 cloak
rCorr    .         Harm     .   (no gloves)
MR       .....                  (no boots)
Stlth    ..........             (no amulet)
HPRegen  0.09/turn              (no ring)
MPRegen  0.09/turn              (no ring)

@: mighty
A: negative energy resistance 1, electricity resistance, unbreathing,
petrification resistance, rot immunity, AC +3
a: no special abilities


You were on level 2 of the Dungeon.
You were not hungry.

You visited 1 branch of the dungeon, and saw 2 of its levels.

You collected 56 gold pieces.

Inventory:

Hand Weapons
 a - a +0 war axe (weapon)
Armour
 b - a +0 scale mail (worn)
 c - a +0 shield (worn)
 e - a +0 cloak (worn)
Scrolls
 g - 2 scrolls of remove curse {unknown}
 h - 2 scrolls of enchant weapon {unknown}
 i - a scroll of teleportation {unknown}
 j - a scroll of identify {unknown}
 k - 2 scrolls of immolation {unknown}
 l - a scroll of magic mapping {unknown}
Potions
 m - a potion of magic {unknown}
 n - a potion of brilliance {unknown}
Comestibles
 f - 3 rations


   Skills:
 - Level 3.2 Fighting
 + Level 3.1 Axes
 - Level 3.2 Armour
 + Level 2.1 Dodging
 - Level 3.2 Shields


You had 3 spell levels left.
You didn't know any spells.
Your spell library was empty.

Dungeon Overview and Level Annotations

Branches:
Dungeon (1/15)

Altars:

Annotations:
D:2 Sigmund


Innate Abilities, Weirdness & Mutations

You are resistant to torment.
Your stone body is resilient. (AC +3)
You are immune to poison.
You resist negative energy. (rN+)
You are resistant to electric shocks. (rElec)
You can survive without breathing.
You are immune to petrification.
You are immune to rotting.


Message History

Sigmund gestures wildly while chanting.
Sigmund flickers and vanishes!
Deactivating autopickup; reactivate with Ctrl-A.
You barely miss the gnoll.
The gnoll is heavily wounded.
The gnoll hits you. Something hits you but does no damage.
The gnoll hits you but does no damage.
You slash the gnoll!
You kill the gnoll!
Something hits you!
* * * LOW HITPOINT WARNING * * *
A kobold comes into view. It is wielding a +0 club.
Unknown command.
You slash the gnoll!
You kill the gnoll!
Something hits you but does no damage.
The kobold throws a stone.
The stone closely misses you. The gnoll barely misses you.
The kobold throws a stone.
The stone hits you but does no damage.
The gnoll hits you with a cursed +0 halberd!
You die...

#. #. #. #. ###
#. ..# .#####.
#.# ......{###K#
...
#g@(..######.
#..
####.........
#.# #.########
#.# #.# #.#
#.###### #.#
#......# #.# #.#
##########.#
#.## #.#
#####.....>(...#
#..# #.#
#...#.###......#


You could see a gnoll and a kobold.

Vanquished Creatures
  3 gnolls (D:2)
  2 adders (D:2)
  3 dart slugs (D:1)
  A giant cockroach (D:2)
  3 goblins (D:1)
  7 hobgoblins
  4 jackals (D:2)
  2 bats
  2 frilled lizards (D:1)
  2 kobolds
  4 rats (D:1)
33 creatures vanquished.

Notes
Turn   | Place    | Note
-------+----------+-------------------------------------------
     0 | D:1      | Borgoz the Gargoyle Fighter began the quest for the Orb.
     0 | D:1      | Reached XP level 1. HP: 14/14 MP: 1/1
   127 | D:1      | Reached XP level 2. HP: 19/19 MP: 2/2
   204 | D:1      | Reached skill level 1 in Dodging
   342 | D:1      | Reached XP level 3. HP: 23/23 MP: 3/3
   394 | D:1      | You fall into a shaft and drop 1 floor!
   469 | D:2      | Noticed Sigmund
   503 | D:2      | Reached XP level 4. HP: 12/28 MP: 4/4
   510 | D:2      | Mangled by a gnoll

Levels and vault maps discovered:
D:1:      lightli_arrival_windingriver, layout_basic
D:2:      layout_basic, nemelex_xobeh_ov_fountains_minmay,
          grunt_temple_overflow_open, uniq_sigmund, uniq_natasha

Skill      XL: |  1  2  3 |
---------------+----------+-----
Axes           | 2 3 |  3.1
Dodging        | 1 2 |  2.1
Fighting       | |  3.2
Armour         | |  3.2
Shields        | |  3.2

Action                   |  1- 3 |  4- 6 || total
-------------------------+-------+-------++-------
Melee: War axe           |   110 |     6 ||   116
  Use: Potion            |     1 |       ||     1
Armor: Scale mail        |    59 |     3 ||    62
Dodge: Dodged            |    31 |     4 ||    35
Block: Shield            |    63 |     2 ||    65

Table legend:
 A = Non-vault XP
 B = Vault XP
 C = Vault XP percentage of total XP
 D = Non-vault monster count
 E = Vault monster count
 F = Vault count percentage of total count
                 A         B        C        D         E       F
            +---------+---------+-------+---------+---------+-------
      Total |     122 |       0 |   0.0 |      33 |       0 |   0.0
            +---------+---------+-------+---------+---------+-------
        D:1 |      34 |       0 |   0.0 |      18 |       0 |   0.0
        D:2 |      88 |       0 |   0.0 |      15 |       0 |   0.0
            +---------+---------+-------+---------+---------+-------
